 Dungeon Crawl Stone Soup version 0.30-a0-989-g0d87f670db (webtiles) character file.

Game seed: 10561867714047683781

99 Kenran the Ruffian (level 4, -1/39 HPs)
             Began as a Minotaur Fighter on Apr 3, 2023.
             Slain by Natasha (2 damage)
             ... on level 3 of the Dungeon.
             The game lasted 00:07:04 (1846 turns).

Kenran the Ruffian (Minotaur Fighter)               Turns: 1846, Time: 00:07:05

Health: -1/39      AC:  6    Str: 21    XL:     4   Next: 45%
Magic:  3/3        EV:  9    Int:  5    God:
Gold:   124        SH:  4    Dex: 11    Spells: 3/3 levels left

rFire   . . .      SeeInvis .      - Unarmed
rCold   . . .      Faith    .    b - +0 buckler
rNeg    . . .      Spirit   .    a - +0 scale mail
rPois   .          Reflect  .    (helmet restricted)
rElec   .          Rampage  .    (no cloak)
rCorr   .                        (no gloves)
Will    .....                    (no boots) Stlth
                                 (no amulet)
HPRegen 0.26/turn                (no ring)
MPRegen 0.08/turn                (no ring)

@: slowed, very slow
A: horns 2, retaliatory headbutt
a: no special abilities


You were on level 3 of the Dungeon.
You visited 1 branch of the dungeon, and saw 3 of its levels.

You collected 124 gold pieces.

Inventory:

Armour
 a - a +0 scale mail (worn)
 b - a +0 buckler (worn)
Scrolls
 d - a scroll of enchant armour {unknown}
 e - 2 scrolls of teleportation
 f - 2 scrolls of blinking {unknown}
 h - 2 scrolls of silence {unknown}
 j - a scroll of enchant weapon {unknown}
 k - 2 scrolls of poison {unknown}
 l - 3 scrolls of identify {unknown}
 n - a scroll of fog {unknown}
Potions
 c - 3 potions of might
 g - a potion of attraction {unknown}
 i - a potion of degeneration {unknown}
 m - 2 potions of heal wounds {unknown}
 o - a potion of flight {unknown}
 p - a potion of invisibility


   Skills:
 - Level 3.6 Fighting
 - Level 3.6 Armour
 - Level 3.6 Shields
 + Level 5.2 Unarmed Combat


You had 3 spell levels left.
You didn't know any spells.
Your spell library contained the following spells:

 Spells                   Type           Power      Damage    Failure   Level
 Beastly Appendage        Tmut           0%         N/A       88%         1
 Wereblood                Tmut           0%         N/A       96%         2
 Spider Form              Tmut/Pois      0%         N/A       99%         3


Dungeon Overview and Level Annotations

Branches:
Dungeon (3/15)

Altars:
Dithmenos

Annotations:
D:3 Natasha


Innate Abilities, Weirdness & Mutations

You have a pair of horns on your head.
You reflexively headbutt those who attack you in melee.


Message History

You block the ball python's attack. The ball python grabs you.
The ball python constricts you.
You escape the ball python's grasp.
You block the orc's attack.
You are too injured to fight recklessly!
You are too injured to fight recklessly!
You are too injured to fight recklessly!
You are too injured to fight recklessly!
You barely miss the orc. You headbutt the orc!
You kill the orc!
You block the ball python's attack. x2
You punch the ball python!
You kill the ball python!
Natasha mumbles some strange words.
The orc priest drinks a potion.
The orc priest flickers and vanishes!
Deactivating autopickup; reactivate with Ctrl-A.
You punch the endoplasm!
You kill the endoplasm!
The crimson imp blinks!
You block Natasha's attack.
You hit Natasha but do no damage. You block Natasha's attack.
You hit Natasha. Your headbutt misses Natasha.
Natasha is lightly wounded.
Natasha claws you.
You closely miss Natasha.
Natasha is lightly wounded.
Natasha wildly gestures.
Natasha shimmers violently.
Natasha barely misses you. You block Natasha's attack.
You closely miss Natasha. Your headbutt misses Natasha.
Natasha is lightly wounded.
You hear something call down the wrath of Beogh upon you.
Pain shoots through your body!
* * * LOW HITPOINT WARNING * * *
Natasha claws you but does no damage.
You hit Natasha.
Natasha is moderately wounded.
You hear something mumble some strange prayers to Beogh against you.
Pain shoots through your body!
* * * LOW HITPOINT WARNING * * *
Natasha claws you.
You die...

#........... #>#†........
#........... #.#.##.....#
#.........## #o..###.###
#5#.# #.#### #h#.###....#
#@#........#
############..5.......#####.#
#..........######...........#
#.....####.######..#.########
#.##..# #.........#.#
#####.##..# ########.##.#
......##..# #.##.#
....####..# #.##.########
###.# #..# #.##.........


You could see Natasha, 2 crimson imps and an orc.

Vanquished Creatures
  4 adders (D:2)
  4 dart slugs
  An orc (D:3)
  6 ball pythons
  5 endoplasms
  4 giant cockroaches
  3 goblins
  7 hobgoblins
  2 jackals (D:1)
  A quokka (D:3)
  4 bats
  2 frilled lizards
  4 kobolds
  7 rats
  A bush (D:2)
55 creatures vanquished.

Vanquished Creatures (others)
  3 fungi (D:3)
  24 plants
27 creatures vanquished.

Grand Total: 82 creatures vanquished

Notes
Turn   | Place    | Note
-------+----------+-------------------------------------------
     0 | D:1      | Kenran the Minotaur Fighter began the quest for the Orb.
     0 | D:1      | Reached XP level 1. HP: 19/19 MP: 0/0
    90 | D:1      | Reached skill level 3 in Unarmed Combat
    90 | D:1      | Reached XP level 2. HP: 17/26 MP: 1/1
   743 | D:2      | Reached XP level 3. HP: 31/31 MP: 2/2
   750 | D:2      | Found a shadowy altar of Dithmenos.
   753 | D:2      | Reached skill level 4 in Unarmed Combat
   893 | D:2      | Reached XP level 4. HP: 39/39 MP: 3/3
   932 | D:2      | Reached skill level 5 in Unarmed Combat
  1073 | D:2      | Identified the +1 robe of Awe {rElec rF+ rC-}
  1825 | D:3      | Noticed Natasha
  1846 | D:3      | HP: 1/39 [something/nerve-wracking pain (10)]
  1846 | D:3      | Slain by Natasha

Illustrated notes

Levels and vault maps discovered:
D:1:      ncdulo_watergridlock, layout_basic
D:2:      layout_rooms, serial_forest, infiniplex_forest_clump_small,
          infiniplex_forest_end_2, infiniplex_forest_straight_4,
          infiniplex_forest_end_1, infiniplex_forest_lined_1,
          infiniplex_forest_zigzag_1, infiniplex_forest_lined_1,
          infiniplex_forest_side_room, basic_altar
D:3:      layout_loops_ring, shapermc_ecumenical_altar_mp_ritualfount,
          uniq_terence, uniq_natasha, uniq_crazy_yiuf_cottage

Skill      XL: |  1  2  3  4 |
---------------+-------------+-----
Unarmed Combat | 3 4 5 |  5.2
Fighting       | |  3.6
Armour         | |  3.6
Shields        | |  3.6

Action                     |  1- 3 |  4- 6 || total
---------------------------+-------+-------++-------
  Melee: Unarmed           |    75 |   129 ||   204
         Headbutt          |    11 |    35 ||    46
    Use: Scroll            |     1 |       ||     1
 Armour: Scale mail        |    28 |    16 ||    44
  Dodge: Dodged            |    30 |    28 ||    58
  Block: Buckler           |    14 |    21 ||    35

Table legend: (Time is in decaauts)
 A = Elapsed time spent in this place.
 B = Non-inter-level travel time spent in this place.
 C = Inter-level travel time spent in this place.
 D = Time resting spent in this place.
 E = Time spent auto-exploring this place.
 F = Levels seen in this place.
 G = Mean time per level.
                   A        B        C        D        E       F      G
               +--------+--------+--------+--------+--------+-----+--------+
         Total |   1845 |   1788 |     57 |     39 |   1083 |   3 |  615.0 |
       Dungeon |   1845 |   1788 |     57 |     39 |   1083 |   3 |  615.0 |
               +--------+--------+--------+--------+--------+-----+--------+

Top non-repeatable levels by time:
     D:1: 731 daAuts
     D:2: 731 daAuts
     D:3: 382 daAuts
